 Dungeon Crawl Stone Soup version 0.32-a0-314-g526f7d4993 (webtiles) character file.

Game seed: 321680457168346531

3842 zeratav the Mimic (level 10, -3/72 HPs)
             Began as an Octopode Shapeshifter on Feb 15, 2024.
             Was an Initiate of Gozag.
             Slain by a chaos spawn (6 damage)
             ... summoned by an obsidian statue
             ... on level 9 of the Dungeon.
             The game lasted 00:13:41 (9974 turns).

zeratav the Mimic (Octopode Shapeshifter)           Turns: 9974, Time: 00:13:42

Health: -3/72      AC:  1    Str: 23    XL:     10   Next: 18%
Magic:  10/10      EV: 24    Int: 12    God:    Gozag
Gold:   427        SH:  0    Dex: 13    Spells: 9/9 levels left

rFire   . .          .
                       - Unarmed
rCold   . . .        (shield currently unavailable)
rNeg    . . .        (helmet restricted)
rPois   .            (no amulet)
rElec   .            w - +5 ring of evasion
rCorr   .            z - +6 ring of strength
SInv    .            (no ring)
Will    .....        (no ring)
Stlth   ++           (no ring)
HPRegen 0.32/turn    (no ring)
MPRegen 0.12/turn    (no ring)
                     (no ring)

%: no passive effects
@: flux-form, glowing
A: glow, contaminating, almost no armour, amphibious, 8 rings, camouflage 1,
gelatinous body 1, (nimble swimmer 1), tentacles
a: Begin Untransformation, Renounce Religion, Potion Petition, Call Merchant,
Bribe Branch


You were on level 9 of the Dungeon.
You worshipped Gozag.
Gozag was aware of your devotion.
You were something dangerously unstable.
You visited 2 branches of the dungeon, and saw 10 of its levels.

You collected 585 gold pieces.
You paid 158 gold pieces to Gozag.


Innate Abilities, Weirdness & Mutations

You are something dangerously unstable.
You glow with magical radiation, making you easy to see and hit.
Foes you strike become dangerously contaminated with magical radiation.
You are incapable of wielding weapons or throwing items.
You cannot wear most types of armour.
You are amphibious.
You can wear up to eight rings at the same time.
Your skin changes colour to match your surroundings (Stealth+).
Your rubbery body absorbs attacks. (AC +1, EV +1)
((You are camouflaged when in or above water. (Stealth+)))
You have tentacles for arms and can constrict up to eight enemies at once.


   Skills:
 - Level 8.0 Fighting
 - Level 6.0 Dodging
 - Level 5.0 Stealth
 - Level 6.0 Unarmed Combat
 + Level 8.3 Shapeshifting


You had 9 spell levels left.
You didn't know any spells.
Your spell library contained the following spells:

 Spells                   Type           Power      Damage    Failure   Level
 Apportation              Tloc           0%         N/A       32%         1
 Necrotise                Necr           0%         1d4       32%         1
 Shock                    Conj/Air       0%         1d3       32%         1
 Sting                    Conj/Alch      0%         1d3       32%         1
 Summon Small Mammal      Summ           0%         N/A       32%         1
 Swiftness                Air            0%         N/A       69%         3
 Tukima's Dance           Hex            0%         N/A       69%         3
 Airstrike                Air            0%         2d(0-16)  97%         4
 Passage of Golubria      Tloc           0%         N/A       97%         4
 Yara's Violent Unravell  Hex/Alch       0%         3d3       100%        5

Inventory:

Missiles
 l - 7 poisoned darts {throwing}
Jewellery
 e - a ring of ice
   (You found it on level 1 of the Dungeon)
 w - a +5 ring of evasion (left tentacle)
   (You found it on level 5 of the Dungeon)
 z - a +6 ring of strength (right tentacle)
   (You found it on level 6 of the Dungeon)
Talismans
 b - a beast talisman
 c - a flux talisman (active)
Wands
 p - a wand of mindburst (6) (quivered)
   (You took it off a kobold on level 3 of the Dungeon)
 v - a wand of charming (13)
   (You found it on level 5 of the Dungeon)
 B - a wand of roots (6)
   (You took it off Maggie on level 7 of the Dungeon)
 C - a wand of quicksilver (4)
   (You found it on level 8 of the Dungeon)
Scrolls
 d - a scroll of vulnerability {!r!r}
 f - 3 scrolls of enchant weapon
 k - a scroll of immolation {!r!r}
 m - a scroll of blinking {!r}
 r - a scroll of summoning
 t - a scroll of poison {!r}
 y - 2 scrolls of fear
Potions
 a - a potion of lignification {!q}
 g - 2 potions of might
 i - a potion of brilliance
 j - a potion of magic
 n - 2 potions of heal wounds {@q2}
 o - 4 potions of curing {@q1}
 q - 2 potions of enlightenment
 s - a potion of haste {@q3}
 u - a potion of mutation {!q}
 x - 3 potions of cancellation
 A - a potion of resistance {unknown}
 D - a potion of attraction {unknown}

Dungeon Overview and Level Annotations

Branches:
Dungeon (9/15) Zot: 26802  Temple (1/1) D:4 Zot: 5998
   Lair: D:8-11         Orc: D:9-12

Altars:
Ashenzari
Cheibriados
Dithmenos
Elyvilon
Fedhas
Gozag
Hepliaklqana
Kikubaaqudgha
Makhleb
Nemelex Xobeh
Okawaru
Qazlal
Ru
Sif Muna
Trog
Uskayaw
Wu Jian
Yredelemnul
Zin
The Shining One

Annotations:
D:3 1 runed translucent door, Crazy Yiuf
D:9 exclusion: obsidian statue

***,,,,,*#......O.....#.#
**$#*,,,,,##....#..##.##..
**,55#*,,,,,##...##.##.##..
*,,I..#*,,,,,##O.##.##.####
**,ยง...#*,,,**#h.##.##.....
**.....#*,####...>.##..<..
*#.....###.>...##..#.....
##....4...#...##........
#.....4p.......)........
#######...#.#.###.#...#.
#.......#......... ***********
#................. ***,,,,,,,,,*
#.........##...... *,,,,,,,,,,,*
#.........#*,,,,,, ,,,,,,,,,,,,*
#.#........,,,,,,,
,***+***,,,,***#.#..####,,,,,,,*,
,*,,,,,*,,,,,,,*,,,,****,****,,,,


You could see an obsidian statue, a hellwing (summoned), a chaos spawn
(summoned, contam, slow), an iron imp (summoned) and a quasit (summoned).


Message History

Wisps of shadow whirl around you...
It was a scroll of summoning.
As you read the scroll labelled KUCYCEOWYT, it crumbles to dust.
You feel aware of your surroundings.
You sensed 2 altars, and 1 shop/portal.
It was a scroll of revelation.
Found a stone staircase leading down.
x - 3 potions of cancellation (gained 1)
Found a stone staircase leading down.
There is a stone staircase leading down here.
An obsidian statue comes into view.
Marking area around an obsidian statue as unsafe for travelling.
You swap places.
Your centaur wields a +0 orcbow.
Your centaur shoots an arrow.
The arrow hits the obsidian statue.
Your centaur shoots an arrow.
The arrow hits the obsidian statue but does no damage.
The obsidian statue's eyes glow briefly.
Your centaur shoots an arrow.
The arrow hits the obsidian statue!
Your centaur shoots an arrow.
The arrow barely misses the obsidian statue.
Your centaur shoots an arrow.
The arrow closely misses the chaos spawn.
The arrow hits the obsidian statue.
Your centaur shoots an arrow.
The arrow closely misses the chaos spawn.
The arrow hits the obsidian statue!
Your centaur shoots an arrow.
The arrow hits the obsidian statue.
The obsidian statue's eyes glow briefly.
Your centaur shoots an arrow.
The arrow hits the obsidian statue!
Your centaur shoots an arrow.
The arrow hits the chaos spawn!
The chaos spawn bites your centaur! The chaos spawn shocks your centaur!
Your centaur dies!
Your centaur's corpse dissolves into shadows!
Your howler monkey hits the obsidian statue but does no damage.
Your howler monkey hits the obsidian statue!
The hellwing barely misses your two-headed ogre. x2
You tentacle-slap the chaos spawn but do no damage.
The chaos spawn begins to glow.
Your squeeze misses the chaos spawn.
Your howler monkey hits the obsidian statue but does no damage.
You barely miss the chaos spawn.
You squeeze the chaos spawn, but do no damage.
Your two-headed ogre hits the obsidian statue with a +0 giant spiked club.
Your two-headed ogre completely misses the obsidian statue.
The chaos spawn splatters into many small globs of multi-coloured light, then recombines.
The chaos spawn releases spores at you.
Your howler monkey hits the obsidian statue but does no damage.
The obsidian statue's eyes glow briefly.
The obsidian statue attempts to bespell you!
You are mesmerised by the obsidian statue!
HP[-1]
You take 1 damage, and now have 71/72 hp.
You tentacle-slap the chaos spawn but do no damage.
The chaos spawn glows dangerously bright.
Your two-headed ogre dissolves into shadows!
Your howler monkey dissolves into shadows!
The chaos spawn grows dozens of eye stalks in order to get a better look at you.
The chaos spawn releases spores at you!
The obsidian statue's eyes glow briefly.
HP[-17]
You take 17 damage, and now have 54/72 hp.
MASSIVE DAMAGE!! (PAUSE)
You tentacle-slap the chaos spawn.
The chaos spawn shudders as magic cascades through it!!
You kill the chaos spawn!
The chaos spawn degenerates into a cloud of primal chaos!
HP[+1]
You closely miss the chaos spawn.
The obsidian statue slips into the dungeon's darkness for a moment.
The chaos spawn is engulfed in seething chaos.
The chaos spawn seems to slow down.
The chaos spawn misses you.
You closely miss the chaos spawn.
You tentacle-slap the chaos spawn but do no damage.
The chaos spawn begins to glow.
Your squeeze misses the chaos spawn.
The chaos spawn is engulfed in seething chaos.
The chaos spawn falls asleep!
The chaos spawn roars!
The chaos spawn misses you.
You tentacle-slap the chaos spawn.
The chaos spawn glows dangerously bright.
The obsidian statue's eyes glow briefly.
The chaos spawn headbutts you! The chaos spawn freezes you!
* * * LOW HITPOINT WARNING * * *
HP[-27]
You take 27 damage, and now have 28/72 hp.
MASSIVE DAMAGE!! (PAUSE)
You bludgeon the chaos spawn!
The chaos spawn shudders as magic cascades through it!
You squeeze the chaos spawn.
The ufetubus disappears in a puff of smoke!
You tentacle-slap the chaos spawn.
The chaos spawn begins to glow.
Your squeeze misses the chaos spawn.
You break out of your daze.
The hellwing hits you.
* * * LOW HITPOINT WARNING * * *
The hellwing hits you!
* * * LOW HITPOINT WARNING * * *
The chaos spawn kicks you!
* * * LOW HITPOINT WARNING * * *
The chaos spawn shocks you.
You die...
Your body crumbles into a pile of gold.

Skill      XL: |  1  2  3  4  5  6  7  8  9 10 |
---------------+-------------------------------+-----
Fighting       | 2 3 4 5 8 |  8.0
Shapeshifting  | 4 5 7 8 |  8.3
Dodging        | 5 6 |  6.0
Unarmed Combat | 5 6 |  6.0
Stealth        | 5 |  5.0

Action                     |  1- 3 |  4- 6 |  7- 9 | 10-12 || total
---------------------------+-------+-------+-------+-------++-------
  Melee: Unarmed           |    47 |    87 |   255 |    65 ||   454
         Constrict         |    11 |    19 |    58 |    16 ||   104
         Tentacles         |     6 |    21 |    69 |    21 ||   117
         Punch             |     2 |     1 |     1 |       ||     4
  Throw: Dart              |       |       |     1 |       ||     1
  Evoke: Wand              |       |       |    10 |       ||    10
    Use: Potion            |       |     1 |     7 |     1 ||     9
         Scroll            |       |       |    10 |     3 ||    13
   Stab: Sleeping          |     3 |     2 |     4 |       ||     9
         Distracted        |       |       |     1 |     1 ||     2
 Armour: Skin              |    18 |    45 |    79 |    35 ||   177
  Dodge: Dodged            |    25 |    41 |   257 |    67 ||   390
   Form: Flux              |       |       |     1 |       ||     1

Levels and vault maps discovered:
D:1:      evilmike_arrival_rings, layout_loops_ring
D:2:      layout_basic, serial_curves, eino_curves_01, eino_curves_03,
          shapermc_ecumenical_altar_hornbeckon, basic_altar, dk_noncrumbling_4
D:3:      layout_loops_ring, mainiacjoe_overflow_alcove_1,
          nzn_wu_jian_council_hall, hangedman_decor_points,
          minmay_fractal_squares_diagonal_5, uniq_crazy_yiuf_cottage,
          uniq_sigmund
D:4:      layout_layer_cave, mainiacjoe_overflow_paths,
          minmay_temple_entry_proselytizer, minivault_24, uniq_edmund
D:5:      layout_cave_pods, zin_scriptorium, lemuel_coloured_pillars_altar
D:6:      layout_gridville, dreamdust_mushroom_princess, nicolae_eternal_life
D:7:      layout_basic, minivault_19, grunt_ministairs_15,
          minmay_misc_feat_hallway, minmay_misc_feat_rows, uniq_maggie
D:8:      layout_cave_pods, fedhas_altar_fruit_tree, nicolae_overflow_squiral,
          serial_rivers, chequers_serial_rivers_large_b,
          chequers_serial_rivers_micro_e, chequers_serial_rivers_marsh,
          chequers_serial_rivers_micro_e, chequers_serial_rivers_micro_a
D:9:      minmay_separated_statues, layout_basic, amcnicky_altar_gilded,
          xom_butterflies, serial_shops, nicolae_shop_advertising_works
          [nicolae_subvault_shop_adworks], uniq_gastronok
Temple:   nicolae_temple_no_exploring_needed

Notes
Turn   | Place    | Note
-------+----------+-------------------------------------------
     0 | D:1      | zeratav the Octopode Shapeshifter began the quest for the
                  | Orb.
     0 | D:1      | Reached XP level 1. HP: 13/13 MP: 1/1
     0 | D:1      | magus.rc [v1.9.6]
   180 | D:1      | Reached skill level 2 in Fighting
   180 | D:1      | Reached XP level 2. HP: 19/19 MP: 2/2
   209 | D:1      | You add the spells Tukima's Dance, Passage of Golubria and
                  | Yara's Violent Unravelling to your library.
   309 | D:1      | Reached XP level 3. HP: 21/25 MP: 3/3
   370 | D:1      | Reached skill level 3 in Fighting
   982 | D:2      | Found a snail-covered altar of Cheibriados.
  1006 | D:2      | Reached XP level 4. HP: 30/33 MP: 4/4
  1256 | D:2      | Reached skill level 4 in Fighting
  1543 | D:2      | Found a faded altar of an unknown god.
  1708 | D:2      | Reached XP level 5. HP: 37/38 MP: 5/5
  1869 | D:3      | Reached skill level 5 in Fighting
  1875 | D:3      | HP: 9/39 [dart slug/slug dart (4)]
  2082 | D:3      | Noticed Sigmund
  2089 | D:3      | Killed Sigmund
  2090 | D:3      | Reached skill level 4 in Shapeshifting
  2090 | D:3      | Reached XP level 6. HP: 45/45 MP: 6/6
  2478 | D:3      | Found a runed translucent door.
  2479 | D:3      | Noticed Crazy Yiuf
  2548 | D:3      | Found an ornate altar of the Wu Jian Council.
  2754 | D:3      | Found an iron altar of Okawaru.
  2960 | D:4      | Reached skill level 5 in Shapeshifting
  3121 | D:4      | Reached XP level 7. HP: 50/50 MP: 7/7
  3564 | D:4      | Noticed Edmund
  3576 | D:4      | Killed Edmund
  3577 | D:4      | Reached skill level 6 in Shapeshifting
  3776 | D:4      | Found a shimmering blue altar of Sif Muna.
  4237 | D:4      | Reached skill level 7 in Shapeshifting
  4569 | D:4      | Found a staircase to the Ecumenical Temple.
  4575 | D:4      | Reached XP level 8. HP: 55/55 MP: 8/8
  4581 | Temple   | Entered the Ecumenical Temple
  4611 | D:5      | Entered Level 5 of the Dungeon
  4817 | D:5      | Reached skill level 3 in Dodging
  5005 | D:5      | Found a glowing silver altar of Zin.
  5302 | D:5      | Reached skill level 4 in Unarmed Combat
  5525 | D:5      | Found a hazy altar of Hepliaklqana.
  6001 | D:6      | Reached skill level 4 in Dodging
  6049 | D:6      | Reached skill level 5 in Unarmed Combat
  6219 | D:6      | Noticed a hornet
  6224 | D:6      | Paralysed by a hornet for 1 turns
  6227 | D:6      | Killed a hornet
  6228 | D:6      | Reached skill level 5 in Dodging
  6228 | D:6      | Reached XP level 9. HP: 21/61 MP: 9/9
  6650 | D:6      | Reached skill level 6 in Unarmed Combat
  6792 | D:6      | Reached skill level 6 in Dodging
  6938 | D:6      | Reached skill level 1 in Stealth
  7004 | D:6      | Reached skill level 2 in Stealth
  7032 | D:6      | Reached skill level 3 in Stealth
  7037 | D:6      | Reached skill level 4 in Stealth
  7151 | D:6      | Reached skill level 5 in Stealth
  7774 | D:7      | Noticed Maggie
  7785 | D:7      | Killed Maggie
  7786 | D:7      | Reached skill level 6 in Fighting
  7859 | D:7      | You pick up a book of Air and begin reading...
  7859 | D:7      | You add the spells Shock, Swiftness and Airstrike to your
                  | library.
  7987 | D:7      | Reached skill level 7 in Fighting
  8107 | D:7      | You pick up a book of Cantrips and begin reading...
  8107 | D:7      | You add the spells Sting, Necrotise, Summon Small Mammal
                  | and Apportation to your library.
  8340 | D:7      | Reached skill level 8 in Fighting
  8635 | D:7      | Reached XP level 10. HP: 72/72 MP: 10/10
  9103 | D:8      | Found a blossoming altar of Fedhas.
  9132 | D:8      | Found an opulent altar of Gozag.
  9134 | D:8      | Found a sacrificial altar of Ru.
  9142 | D:8      | Became a worshipper of Gozag Ym Sagoz the Greedy
  9246 | D:8      | Reached skill level 8 in Shapeshifting
  9954 | D:9      | Noticed an obsidian statue
  9974 | D:9      | HP: 3/72 [chaos spawn[an obsidian statue] (16)]
  9974 | D:9      | Slain by a chaos spawn

Vanquished Creatures
  Maggie (D:7)
  A hornet (D:6)
  Sigmund (D:3)
  A wyvern (D:9)
  2 steam dragons
  Edmund (D:4)
  A water moccasin (D:7)
  2 sky beasts
  4 black bears
  An ogre (D:4)
  A phantom (D:4)
  4 bullfrogs
  A gnoll sergeant (D:7)
  4 scorpions
  5 wights (D:6)
  An electric eel (D:8)
  A bombardier beetle (D:3)
  A gnoll bouda (D:8)
  4 hounds
  4 orc priests
  3 jellies
  An iguana (D:7)
  3 sleepcaps
  4 orc wizards
  17 gnolls
  5 adders (D:2)
  A white imp (D:6)
  4 ufetubi
  5 dart slugs
  A ribbon worm (D:3)
  22 orcs
  10 endoplasms
  5 giant cockroaches
  3 goblins
  A hobgoblin (D:4)
  4 jackals (D:1)
  5 kobolds
  5 quokkas
  3 ball pythons
  8 bats
  A frilled lizard (D:1)
  4 rats
156 creatures vanquished.

Table legend:
 A = Non-vault XP
 B = Vault XP
 C = Vault XP percentage of total XP
 D = Non-vault monster count
 E = Vault monster count
 F = Vault count percentage of total count
                 A         B        C        D         E       F
            +---------+---------+-------+---------+---------+-------
      Total |    4369 |    1120 |  20.4 |     140 |      16 |  10.3
            +---------+---------+-------+---------+---------+-------
        D:1 |      60 |       0 |   0.0 |      22 |       0 |   0.0
        D:2 |     105 |       0 |   0.0 |      15 |       0 |   0.0
        D:3 |      25 |     289 |  92.0 |       7 |      11 |  61.1
        D:4 |     530 |     207 |  28.1 |      19 |       2 |   9.5
        D:5 |     375 |       0 |   0.0 |      15 |       0 |   0.0
        D:6 |    1605 |       0 |   0.0 |      24 |       0 |   0.0
        D:7 |     864 |     624 |  41.9 |      20 |       3 |  13.0
        D:8 |     429 |       0 |   0.0 |      16 |       0 |   0.0
        D:9 |     376 |       0 |   0.0 |       2 |       0 |   0.0
            +---------+---------+-------+---------+---------+-------

Skill      XL: |  1  2  3  4  5  6  7  8  9 10 |
---------------+-------------------------------+-----
Fighting       | 2 3 4 5 8 |  8.0
Shapeshifting  | 4 5 7 8 |  8.3
Dodging        | 5 6 |  6.0
Unarmed Combat | 5 6 |  6.0
Stealth        | 5 |  5.0

Action                     |  1- 3 |  4- 6 |  7- 9 | 10-12 || total
---------------------------+-------+-------+-------+-------++-------
  Melee: Unarmed           |    47 |    87 |   255 |    65 ||   454
         Constrict         |    11 |    19 |    58 |    16 ||   104
         Tentacles         |     6 |    21 |    69 |    21 ||   117
         Punch             |     2 |     1 |     1 |       ||     4
  Throw: Dart              |       |       |     1 |       ||     1
  Evoke: Wand              |       |       |    10 |       ||    10
    Use: Potion            |       |     1 |     7 |     1 ||     9
         Scroll            |       |       |    10 |     3 ||    13
   Stab: Sleeping          |     3 |     2 |     4 |       ||     9
         Distracted        |       |       |     1 |     1 ||     2
 Armour: Skin              |    18 |    45 |    79 |    35 ||   177
  Dodge: Dodged            |    25 |    41 |   257 |    67 ||   390
   Form: Flux              |       |       |     1 |       ||     1

Illustrated notes

Table legend:
 A = Kills in this place as a percentage of kills in the entire game.
 B = Kills by you in this place as a percentage of kills by you in the entire game.
 C = Kills by friends in this place as a percentage of kills by friends in the entire game.
 D = Other kills in this place as a percentage of other kills in the entire game.
 E = Experience gained in this place as a percentage of experience gained in the entire game.
 F = Experience gained in this place divided by the number of levels of this place that you have seen.
                   A       B       C       D       E      F
               +-------+-------+-------+-------+-------+----------------------
         Total | 100.0 | 100.0 |   N/A |   N/A | 100.0 | 548.9
       Dungeon | 100.0 | 100.0 |   N/A |   N/A | 100.0 | 609.9
               +-------+-------+-------+-------+-------+----------------------

Table legend: (Time is in decaauts)
 A = Elapsed time spent in this place.
 B = Non-inter-level travel time spent in this place.
 C = Inter-level travel time spent in this place.
 D = Time resting spent in this place.
 E = Time spent auto-exploring this place.
 F = Levels seen in this place.
 G = Mean time per level.
                   A        B        C        D        E       F      G
               +--------+--------+--------+--------+--------+-----+--------+
         Total |   9936 |   9683 |    253 |   1524 |   7034 |  10 |  993.6 |
       Dungeon |   9934 |   9682 |    252 |   1524 |   7034 |   9 | 1103.8 |
        Temple |      1 |      1 |      0 |      0 |      0 |   1 |    1.0 |
               +--------+--------+--------+--------+--------+-----+--------+

Top non-repeatable levels by time:
     D:6: 1823 daAuts
     D:4: 1580 daAuts
     D:5: 1257 daAuts
     D:3: 1244 daAuts
     D:8: 1115 daAuts
     D:1: 977 daAuts
     D:7: 940 daAuts
     D:2: 797 daAuts
     D:9: 197 daAuts
  Temple: 1 daAuts
